3046 views
Uploaded 2019-12-01 20:56:46
Game version 1.32.0.2 / 1.32.0.2.1
39:01 long 4on4 ladder game on (8)TwilightRuins_LV
Saved by iggythefisk
3046 views
Uploaded 2019-12-01 20:56:46
Game version 1.32.0.2 / 1.32.0.2.1
39:01 long 4on4 ladder game on (8)TwilightRuins_LV


131 units @ 16.6k
/ 1.8k
513 buildings @ 26.6k
/ 15k

| Healing Salve | 2 | 200 |
| Circlet of Nobility | 1 | 175 |
| Claws of Attack +6 | 1 | 125 |
| total: | 4 | 500g |
| Peon | 6 | 450 | / | 0 |
| Grunt | 7 | 1400 | / | 0 |
| Troll Headhunter | 7 | 980 | / | 140 |
| Demolisher | 9 | 1980 | / | 450 |
| Tauren | 6 | 1680 | / | 480 |
| Spirit Walker | 2 | 390 | / | 70 |
| Raider | 1 | 180 | / | 40 |
| Goblin Shredder | 2 | 750 | / | 200 |
| total: | 40 | 7810g | / | 1380w |
| Watch Tower | 30 | 3300 | / | 2400 |
| Barracks | 1 | 180 | / | 50 |
| Altar of Storms | 1 | 180 | / | 50 |
| Orc Burrow | 9 | 1440 | / | 360 |
| War Mill | 3 | 615 | / | 0 |
| Voodoo Lounge | 3 | 390 | / | 90 |
| Great Hall | 2 | 770 | / | 370 |
| Tauren Totem | 1 | 135 | / | 155 |
| Beastiary | 1 | 145 | / | 140 |
| Stronghold | 1 | 315 | / | 190 |
| Fortress | 1 | 325 | / | 190 |
| total: | 51 | 7155g | / | 3615w |
| 0:12 | Barracks |
| 0:16 | Altar of Storms |
| 0:28 | Peon |
| 0:28 | Peon |
| 1:01 | Orc Burrow |
| 1:04 | Peon |
| 1:04 | Peon |
| 2:04 | War Mill |
| 2:15 | Grunt |
| 2:15 | Grunt |
| 2:57 | Shockwave |
| 3:15 | Grunt |
| 3:15 | Grunt |
| 3:44 | Grunt |
| 3:50 | Orc Burrow |
| 4:41 | War Mill |
| 4:48 | War Mill |
| 4:56 | Voodoo Lounge |
| 5:01 | Grunt |
| 6:06 | Troll Headhunter |
| 6:06 | Troll Headhunter |
| 6:12 | Orc Burrow |
| 6:35 | Healing Salve |
| 6:36 | Healing Salve |
| 7:17 | Voodoo Lounge |
| 7:27 | Watch Tower |
| 7:32 | Peon |
| 7:33 | Peon |
| 8:00 | Orc Burrow |
| 8:03 | Stronghold |
| 8:11 | Watch Tower |
| 8:38 | Watch Tower |
| 8:42 | Troll Headhunter |
| 9:16 | Voodoo Lounge |
| 9:27 | Grunt |
| 9:33 | Watch Tower |
| 10:31 | Endurance Aura |
| 10:42 | Claws of Attack +6 |
| 10:54 | Circlet of Nobility |
| 11:45 | Watch Tower |
| 13:11 | Endurance Aura |
| 13:15 | Goblin Shredder |
| 14:36 | Fortress |
| 15:01 | Steel Melee Weapons |
| 15:02 | Steel Ranged Weapons |
| 15:10 | Orc Burrow |
| 15:14 | Orc Burrow |
| 15:25 | Demolisher |
| 15:28 | Demolisher |
| 15:28 | Troll Headhunter |
| 15:29 | Troll Headhunter |
| 15:29 | Troll Headhunter |
| 15:29 | Troll Headhunter |
| 16:17 | Great Hall |
| 16:25 | Watch Tower |
| 16:52 | Tauren Totem |
| 17:02 | Thorium Ranged Weapons |
| 17:39 | Watch Tower |
| 18:04 | Burning Oil |
| 18:06 | Troll Regeneration |
| 18:06 | Berserker Strength |
| 18:59 | Watch Tower |
| 19:02 | Watch Tower |
| 19:30 | Berserker Upgrade |
| 19:33 | Arcanite Ranged Weapons |
| 19:36 | Reinforced Defenses |
| 20:17 | Watch Tower |
| 20:25 | Watch Tower |
| 20:45 | Spiked Barricades |
| 20:54 | Tauren |
| 20:55 | Tauren |
| 20:56 | Tauren |
| 20:56 | Tauren |
| 21:28 | Orc Burrow |
| 21:38 | Watch Tower |
| 22:33 | Spirit Walker |
| 22:35 | Spirit Walker |
| 22:36 | Spirit Walker Adept Training |
| 22:36 | Pulverize |
| 22:42 | Orc Burrow |
| 22:55 | Watch Tower |
| 23:15 | Watch Tower |
| 23:17 | Watch Tower |
| 23:51 | Orc Burrow |
| 24:18 | Watch Tower |
| 24:42 | Watch Tower |
| 26:29 | Watch Tower |
| 26:33 | Watch Tower |
| 26:39 | Great Hall |
| 26:49 | Goblin Shredder |
| 27:26 | Watch Tower |
| 27:29 | Watch Tower |
| 27:30 | Watch Tower |
| 27:33 | Watch Tower |
| 27:51 | Watch Tower |
| 27:53 | Watch Tower |
| 28:00 | Watch Tower |
| 28:09 | Watch Tower |
| 28:26 | Beastiary |
| 28:30 | Spirit Walker Master Training |
| 29:10 | Improved Spiked Barricades |
| 29:55 | Watch Tower |
| 29:58 | Watch Tower |
| 32:18 | War Stomp |
| 33:00 | Demolisher |
| 33:00 | Demolisher |
| 33:01 | Demolisher |
| 33:06 | Tauren |
| 33:07 | Tauren |
| 34:29 | Liquid Fire |
| 34:39 | War Drums Damage Increase |
| 34:43 | Raider |
| 36:34 | Thorium Melee Weapons |
| 37:15 | Watch Tower |
| 38:17 | Demolisher |
| 38:18 | Demolisher |
| 38:18 | Demolisher |
| 38:20 | Demolisher |
| 38:50 | Envenomed Spears |
| Right click | 627 |
| Select | 317 |
| Chat | 75 |
| Build/train/purchase | 72 |
| Use ability | 7 |
| Remove unit | 1 |



| Staff of Sanctuary | 3 | 750 |
| Lesser Clarity Potion | 2 | 140 |
| Potion of Mana | 1 | 200 |
| Scroll of Town Portal | 1 | 350 |
| Boots of Speed | 3 | 750 |
| Staff of Teleportation | 3 | 450 |
| Healing Salve | 2 | 200 |
| Orb of Lightning | 2 | 750 |
| total: | 17 | 3590g |
| Peasant | 23 | 1725 | / | 0 |
| Dragonhawk Rider | 8 | 1600 | / | 240 |
| Priest | 1 | 135 | / | 10 |
| total: | 32 | 3460g | / | 250w |
| Scout Tower | 158 | 4740 | / | 3160 |
| Arcane Tower | 5 | 350 | / | 250 |
| Guard Tower | 66 | 4620 | / | 3300 |
| Altar of Kings | 1 | 180 | / | 50 |
| Farm | 5 | 400 | / | 100 |
| Lumber Mill | 1 | 120 | / | 0 |
| Arcane Vault | 1 | 130 | / | 30 |
| Town Hall | 2 | 770 | / | 410 |
| Blacksmith | 1 | 140 | / | 60 |
| Barracks | 1 | 160 | / | 60 |
| Arcane Sanctum | 1 | 150 | / | 140 |
| Gryphon Aviary | 2 | 280 | / | 300 |
| Keep | 1 | 320 | / | 210 |
| Castle | 1 | 360 | / | 210 |
| total: | 173 | 7070g | / | 4310w |
| 0:11 | Altar of Kings |
| 0:18 | Peasant |
| 0:19 | Peasant |
| 0:36 | Farm |
| 0:44 | Farm |
| 1:16 | Scout Tower |
| 1:19 | Peasant |
| 1:20 | Peasant |
| 1:22 | Peasant |
| 1:44 | Lumber Mill |
| 1:45 | Peasant |
| 1:49 | Arcane Tower |
| 1:57 | Peasant |
| 2:16 | Blizzard |
| 2:46 | Peasant |
| 2:47 | Peasant |
| 2:47 | Peasant |
| 2:50 | Arcane Vault |
| 2:52 | Scout Tower |
| 2:53 | Scout Tower |
| 2:54 | Scout Tower |
| 2:54 | Scout Tower |
| 2:55 | Scout Tower |
| 2:55 | Scout Tower |
| 2:56 | Peasant |
| 2:56 | Peasant |
| 3:24 | Guard Tower |
| 3:24 | Improved Masonry |
| 4:02 | Keep |
| 4:18 | Guard Tower |
| 4:24 | Farm |
| 5:13 | Guard Tower |
| 5:14 | Arcane Tower |
| 5:15 | Scout Tower |
| 5:15 | Scout Tower |
| 5:16 | Scout Tower |
| 5:16 | Scout Tower |
| 5:16 | Scout Tower |
| 5:17 | Scout Tower |
| 5:29 | Brilliance Aura |
| 6:02 | Guard Tower |
| 6:53 | Town Hall |
| 6:56 | Scout Tower |
| 6:56 | Scout Tower |
| 6:57 | Scout Tower |
| 6:58 | Scout Tower |
| 6:58 | Scout Tower |
| 6:58 | Scout Tower |
| 6:59 | Scout Tower |
| 6:59 | Scout Tower |
| 6:59 | Scout Tower |
| 7:00 | Scout Tower |
| 7:00 | Scout Tower |
| 7:01 | Scout Tower |
| 7:01 | Scout Tower |
| 7:04 | Guard Tower |
| 7:04 | Guard Tower |
| 7:07 | Guard Tower |
| 7:21 | Peasant |
| 7:21 | Peasant |
| 7:21 | Peasant |
| 7:26 | Arcane Tower |
| 7:26 | Guard Tower |
| 7:46 | Improved Lumber Harvesting |
| 7:47 | Peasant |
| 7:49 | Peasant |
| 7:49 | Peasant |
| 7:50 | Advanced Masonry |
| 7:53 | Guard Tower |
| 8:04 | Storm Bolt |
| 8:59 | Boots of Speed |
| 8:59 | Staff of Teleportation |
| 9:04 | Arcane Tower |
| 9:05 | Guard Tower |
| 9:05 | Guard Tower |
| 9:18 | Guard Tower |
| 9:22 | Guard Tower |
| 9:23 | Guard Tower |
| 9:26 | Scout Tower |
| 9:27 | Scout Tower |
| 9:27 | Scout Tower |
| 9:27 | Scout Tower |
| 9:28 | Scout Tower |
| 9:28 | Scout Tower |
| 9:28 | Scout Tower |
| 9:43 | Arcane Sanctum |
| 10:10 | Imbued Masonry |
| 10:14 | Bash |
| 10:19 | Peasant |
| 10:21 | Peasant |
| 10:46 | Castle |
| 10:50 | Healing Salve |
| 10:57 | Guard Tower |
| 10:57 | Guard Tower |
| 11:00 | Magic Sentry |
| 11:04 | Guard Tower |
| 12:05 | Guard Tower |
| 12:07 | Farm |
| 12:22 | Blizzard |
| 12:50 | Scroll of Town Portal |
| 12:59 | Gryphon Aviary |
| 13:00 | Gryphon Aviary |
| 13:03 | Farm |
| 13:05 | Peasant |
| 13:06 | Peasant |
| 13:10 | Blacksmith |
| 13:12 | Barracks |
| 13:16 | Scout Tower |
| 13:16 | Scout Tower |
| 13:17 | Scout Tower |
| 13:17 | Scout Tower |
| 13:18 | Scout Tower |
| 13:18 | Scout Tower |
| 13:19 | Scout Tower |
| 13:19 | Scout Tower |
| 13:26 | Staff of Sanctuary |
| 13:30 | Boots of Speed |
| 13:47 | Advanced Lumber Harvesting |
| 13:51 | Guard Tower |
| 13:54 | Scout Tower |
| 13:54 | Scout Tower |
| 13:55 | Scout Tower |
| 13:55 | Scout Tower |
| 13:56 | Scout Tower |
| 13:57 | Scout Tower |
| 13:58 | Scout Tower |
| 13:59 | Scout Tower |
| 14:00 | Scout Tower |
| 14:01 | Scout Tower |
| 14:01 | Scout Tower |
| 14:01 | Scout Tower |
| 14:02 | Scout Tower |
| 14:02 | Scout Tower |
| 14:10 | Guard Tower |
| 14:30 | Guard Tower |
| 14:38 | Holy Light |
| 14:49 | Animal War Training |
| 15:13 | Guard Tower |
| 15:15 | Scout Tower |
| 15:15 | Scout Tower |
| 15:16 | Scout Tower |
| 15:16 | Scout Tower |
| 15:16 | Scout Tower |
| 15:17 | Scout Tower |
| 15:22 | Guard Tower |
| 15:23 | Peasant |
| 15:26 | Scout Tower |
| 15:27 | Scout Tower |
| 15:27 | Scout Tower |
| 15:27 | Scout Tower |
| 15:28 | Scout Tower |
| 15:28 | Scout Tower |
| 15:28 | Scout Tower |
| 15:29 | Scout Tower |
| 15:29 | Scout Tower |
| 15:30 | Scout Tower |
| 15:30 | Scout Tower |
| 15:30 | Scout Tower |
| 15:30 | Scout Tower |
| 15:31 | Scout Tower |
| 15:31 | Scout Tower |
| 15:31 | Scout Tower |
| 15:34 | Dragonhawk Rider |
| 16:04 | Iron Forged Swords |
| 16:05 | Studded Leather Armor |
| 16:09 | Guard Tower |
| 16:09 | Guard Tower |
| 16:11 | Guard Tower |
| 16:11 | Guard Tower |
| 16:16 | Guard Tower |
| 16:29 | Dragonhawk Rider |
| 16:56 | Guard Tower |
| 16:57 | Scout Tower |
| 16:57 | Scout Tower |
| 16:57 | Scout Tower |
| 16:58 | Scout Tower |
| 17:05 | Dragonhawk Rider |
| 17:05 | Dragonhawk Rider |
| 17:11 | Dragonhawk Rider |
| 17:19 | Guard Tower |
| 17:35 | Guard Tower |
| 17:41 | Staff of Sanctuary |
| 17:52 | Guard Tower |
| 18:42 | Scout Tower |
| 18:43 | Scout Tower |
| 18:44 | Scout Tower |
| 18:44 | Scout Tower |
| 18:50 | Scout Tower |
| 18:51 | Scout Tower |
| 19:00 | Steel Forged Swords |
| 19:00 | Reinforced Leather Armor |
| 19:21 | Guard Tower |
| 19:39 | Priest |
| 19:44 | Scout Tower |
| 19:45 | Scout Tower |
| 19:46 | Guard Tower |
| 19:47 | Guard Tower |
| 20:06 | Staff of Sanctuary |
| 20:10 | Guard Tower |
| 20:32 | Orb of Lightning |
| 20:38 | Guard Tower |
| 20:47 | Guard Tower |
| 20:49 | Scout Tower |
| 20:53 | Scout Tower |
| 20:53 | Scout Tower |
| 20:54 | Scout Tower |
| 21:10 | Scout Tower |
| 21:11 | Scout Tower |
| 21:12 | Scout Tower |
| 21:12 | Scout Tower |
| 21:36 | Guard Tower |
| 21:37 | Guard Tower |
| 21:45 | Guard Tower |
| 22:00 | Guard Tower |
| 22:05 | Arcane Tower |
| 22:06 | Guard Tower |
| 22:14 | Staff of Teleportation |
| 22:17 | Boots of Speed |
| 22:35 | Guard Tower |
| 22:35 | Guard Tower |
| 23:53 | Guard Tower |
| 23:53 | Scout Tower |
| 23:54 | Scout Tower |
| 23:54 | Scout Tower |
| 23:55 | Scout Tower |
| 23:55 | Scout Tower |
| 23:56 | Scout Tower |
| 24:22 | Dragonhawk Rider |
| 24:33 | Storm Bolt |
| 25:20 | Dragonhawk Rider |
| 25:20 | Dragonhawk Rider |
| 25:23 | Orb of Lightning |
| 25:23 | Healing Salve |
| 25:43 | Divine Shield |
| 26:19 | Scout Tower |
| 26:20 | Scout Tower |
| 26:20 | Scout Tower |
| 26:20 | Scout Tower |
| 26:21 | Scout Tower |
| 26:22 | Scout Tower |
| 26:22 | Scout Tower |
| 26:23 | Scout Tower |
| 26:23 | Scout Tower |
| 26:23 | Scout Tower |
| 26:24 | Scout Tower |
| 26:24 | Scout Tower |
| 26:41 | Guard Tower |
| 26:41 | Guard Tower |
| 26:41 | Guard Tower |
| 28:31 | Guard Tower |
| 28:32 | Scout Tower |
| 28:32 | Scout Tower |
| 28:33 | Scout Tower |
| 28:33 | Scout Tower |
| 28:34 | Scout Tower |
| 28:34 | Scout Tower |
| 28:45 | Staff of Teleportation |
| 29:30 | Scout Tower |
| 29:32 | Scout Tower |
| 30:23 | Bash |
| 30:50 | Guard Tower |
| 30:57 | Lesser Clarity Potion |
| 30:59 | Lesser Clarity Potion |
| 31:01 | Potion of Mana |
| 32:00 | Holy Light |
| 32:03 | Brilliance Aura |
| 32:32 | Scout Tower |
| 32:33 | Scout Tower |
| 32:33 | Scout Tower |
| 32:33 | Scout Tower |
| 32:34 | Scout Tower |
| 32:34 | Scout Tower |
| 32:35 | Scout Tower |
| 32:36 | Scout Tower |
| 32:36 | Scout Tower |
| 32:36 | Scout Tower |
| 32:37 | Scout Tower |
| 32:37 | Scout Tower |
| 32:37 | Scout Tower |
| 32:38 | Scout Tower |
| 32:39 | Scout Tower |
| 32:39 | Scout Tower |
| 32:40 | Scout Tower |
| 32:42 | Scout Tower |
| 32:42 | Scout Tower |
| 32:43 | Scout Tower |
| 32:43 | Scout Tower |
| 32:44 | Scout Tower |
| 32:44 | Scout Tower |
| 32:44 | Scout Tower |
| 32:45 | Scout Tower |
| 32:45 | Scout Tower |
| 32:46 | Scout Tower |
| 32:46 | Scout Tower |
| 32:46 | Scout Tower |
| 32:47 | Scout Tower |
| 32:47 | Scout Tower |
| 32:47 | Scout Tower |
| 32:49 | Scout Tower |
| 35:06 | Blizzard |
| 35:53 | Storm Bolt |
| 36:14 | Guard Tower |
| 36:14 | Guard Tower |
| 36:15 | Guard Tower |
| 36:15 | Guard Tower |
| 36:23 | Guard Tower |
| 36:28 | Divine Shield |
| 36:48 | Scout Tower |
| 36:48 | Scout Tower |
| 36:51 | Guard Tower |
| 36:56 | Town Hall |
| 37:16 | Guard Tower |
| Right click | 3186 |
| Select | 821 |
| Select group | 516 |
| Build/train/purchase | 213 |
| Use ability | 147 |
| Chat | 147 |
| Assign group | 15 |
| Misc. action | 5 |
| Remove unit | 5 |
| Minimap ping | 2 |
| Item give/drop | 1 |



| Scroll of Regeneration | 1 | 100 |
| Staff of Sanctuary | 3 | 750 |
| Lesser Clarity Potion | 2 | 140 |
| Staff of Teleportation | 3 | 450 |
| Boots of Speed | 3 | 750 |
| Periapt of Vitality | 1 | 325 |
| Healing Salve | 1 | 100 |
| Orb of Lightning | 3 | 1125 |
| Talisman of Evasion | 1 | 300 |
| total: | 18 | 4040g |
| Peasant | 32 | 2400 | / | 0 |
| total: | 32 | 2400g | / | 0w |
| Scout Tower | 201 | 6030 | / | 4020 |
| Arcane Tower | 5 | 350 | / | 250 |
| Guard Tower | 51 | 3570 | / | 2550 |
| Altar of Kings | 1 | 180 | / | 50 |
| Farm | 4 | 320 | / | 80 |
| Lumber Mill | 1 | 120 | / | 0 |
| Town Hall | 1 | 385 | / | 205 |
| Arcane Vault | 4 | 520 | / | 120 |
| Arcane Sanctum | 1 | 150 | / | 140 |
| Keep | 1 | 320 | / | 210 |
| Castle | 1 | 360 | / | 210 |
| total: | 213 | 7705g | / | 4615w |
| 0:03 | Peasant |
| 0:03 | Peasant |
| 0:06 | Altar of Kings |
| 0:13 | Farm |
| 0:21 | Peasant |
| 0:22 | Peasant |
| 0:35 | Peasant |
| 0:47 | Lumber Mill |
| 0:55 | Scout Tower |
| 0:57 | Peasant |
| 1:11 | Peasant |
| 1:20 | Farm |
| 1:27 | Peasant |
| 1:30 | Scout Tower |
| 1:33 | Arcane Tower |
| 1:46 | Peasant |
| 1:59 | Guard Tower |
| 2:07 | Blizzard |
| 2:16 | Peasant |
| 2:17 | Peasant |
| 2:17 | Peasant |
| 2:59 | Peasant |
| 3:26 | Town Hall |
| 3:33 | Peasant |
| 3:33 | Peasant |
| 3:52 | Peasant |
| 3:54 | Farm |
| 4:08 | Staff of Teleportation |
| 4:09 | Boots of Speed |
| 4:29 | Peasant |
| 4:32 | Scout Tower |
| 4:36 | Peasant |
| 4:38 | Scout Tower |
| 4:47 | Peasant |
| 4:48 | Peasant |
| 5:22 | Keep |
| 5:24 | Improved Masonry |
| 5:26 | Scout Tower |
| 5:26 | Scout Tower |
| 5:28 | Guard Tower |
| 5:30 | Scout Tower |
| 5:33 | Brilliance Aura |
| 5:49 | Guard Tower |
| 5:53 | Scout Tower |
| 5:54 | Scout Tower |
| 5:55 | Arcane Vault |
| 5:59 | Guard Tower |
| 6:10 | Arcane Tower |
| 6:39 | Guard Tower |
| 6:40 | Scout Tower |
| 6:41 | Scout Tower |
| 6:58 | Scout Tower |
| 6:58 | Scout Tower |
| 7:00 | Scout Tower |
| 7:01 | Scout Tower |
| 7:12 | Guard Tower |
| 7:13 | Guard Tower |
| 7:23 | Arcane Vault |
| 7:50 | Improved Lumber Harvesting |
| 7:57 | Peasant |
| 7:57 | Peasant |
| 8:02 | Castle |
| 8:05 | Peasant |
| 8:05 | Peasant |
| 8:25 | Arcane Sanctum |
| 8:39 | Scout Tower |
| 8:39 | Scout Tower |
| 8:41 | Storm Bolt |
| 8:55 | Scout Tower |
| 8:56 | Scout Tower |
| 9:33 | Staff of Teleportation |
| 9:33 | Boots of Speed |
| 9:47 | Periapt of Vitality |
| 9:53 | Guard Tower |
| 9:55 | Guard Tower |
| 10:01 | Magic Sentry |
| 10:03 | Scout Tower |
| 10:03 | Scout Tower |
| 10:04 | Scout Tower |
| 10:05 | Scout Tower |
| 10:09 | Arcane Vault |
| 10:32 | Blizzard |
| 10:40 | Arcane Tower |
| 10:46 | Scroll of Regeneration |
| 10:50 | Advanced Masonry |
| 10:54 | Staff of Sanctuary |
| 10:58 | Staff of Sanctuary |
| 11:01 | Arcane Tower |
| 11:30 | Scout Tower |
| 11:31 | Scout Tower |
| 11:31 | Scout Tower |
| 11:32 | Scout Tower |
| 11:33 | Scout Tower |
| 11:33 | Scout Tower |
| 11:35 | Peasant |
| 11:35 | Peasant |
| 11:54 | Bash |
| 12:00 | Holy Light |
| 12:22 | Imbued Masonry |
| 12:24 | Guard Tower |
| 12:26 | Scout Tower |
| 12:27 | Scout Tower |
| 12:27 | Scout Tower |
| 12:28 | Scout Tower |
| 12:29 | Scout Tower |
| 12:29 | Scout Tower |
| 12:29 | Scout Tower |
| 12:30 | Scout Tower |
| 12:30 | Scout Tower |
| 12:32 | Peasant |
| 12:32 | Peasant |
| 13:25 | Staff of Teleportation |
| 13:25 | Boots of Speed |
| 13:38 | Lesser Clarity Potion |
| 13:39 | Healing Salve |
| 13:52 | Lesser Clarity Potion |
| 14:04 | Guard Tower |
| 14:05 | Scout Tower |
| 14:06 | Scout Tower |
| 14:06 | Scout Tower |
| 14:07 | Scout Tower |
| 14:07 | Scout Tower |
| 14:08 | Scout Tower |
| 14:12 | Staff of Sanctuary |
| 14:22 | Scout Tower |
| 14:23 | Scout Tower |
| 14:23 | Scout Tower |
| 14:24 | Scout Tower |
| 14:24 | Scout Tower |
| 14:25 | Scout Tower |
| 14:26 | Scout Tower |
| 14:26 | Scout Tower |
| 14:35 | Scout Tower |
| 14:36 | Scout Tower |
| 14:37 | Scout Tower |
| 14:38 | Guard Tower |
| 14:46 | Guard Tower |
| 14:48 | Scout Tower |
| 14:48 | Scout Tower |
| 14:49 | Scout Tower |
| 14:50 | Scout Tower |
| 14:51 | Scout Tower |
| 15:11 | Guard Tower |
| 15:26 | Guard Tower |
| 15:28 | Guard Tower |
| 15:33 | Guard Tower |
| 15:34 | Guard Tower |
| 15:34 | Guard Tower |
| 15:54 | Guard Tower |
| 15:55 | Scout Tower |
| 15:56 | Scout Tower |
| 15:57 | Scout Tower |
| 15:58 | Scout Tower |
| 16:05 | Guard Tower |
| 16:10 | Scout Tower |
| 16:11 | Scout Tower |
| 16:11 | Scout Tower |
| 16:12 | Scout Tower |
| 16:13 | Scout Tower |
| 16:16 | Scout Tower |
| 16:26 | Guard Tower |
| 16:28 | Scout Tower |
| 16:29 | Scout Tower |
| 16:29 | Scout Tower |
| 16:30 | Scout Tower |
| 16:30 | Scout Tower |
| 16:31 | Scout Tower |
| 17:08 | Guard Tower |
| 17:09 | Guard Tower |
| 17:12 | Peasant |
| 17:13 | Farm |
| 17:16 | Guard Tower |
| 17:36 | Guard Tower |
| 17:37 | Scout Tower |
| 17:37 | Scout Tower |
| 17:39 | Scout Tower |
| 17:40 | Scout Tower |
| 17:50 | Orb of Lightning |
| 17:56 | Guard Tower |
| 18:02 | Scout Tower |
| 18:03 | Scout Tower |
| 18:03 | Scout Tower |
| 18:04 | Scout Tower |
| 18:37 | Scout Tower |
| 18:37 | Scout Tower |
| 18:38 | Scout Tower |
| 18:38 | Scout Tower |
| 19:01 | Guard Tower |
| 19:04 | Guard Tower |
| 19:05 | Scout Tower |
| 19:06 | Scout Tower |
| 19:06 | Scout Tower |
| 19:06 | Scout Tower |
| 19:07 | Scout Tower |
| 19:08 | Scout Tower |
| 20:06 | Guard Tower |
| 20:07 | Scout Tower |
| 20:08 | Scout Tower |
| 20:08 | Scout Tower |
| 20:09 | Scout Tower |
| 20:11 | Guard Tower |
| 20:21 | Orb of Lightning |
| 20:37 | Guard Tower |
| 20:40 | Scout Tower |
| 20:41 | Scout Tower |
| 20:48 | Peasant |
| 20:51 | Arcane Tower |
| 21:11 | Guard Tower |
| 21:25 | Scout Tower |
| 21:26 | Scout Tower |
| 21:26 | Scout Tower |
| 21:27 | Scout Tower |
| 21:40 | Guard Tower |
| 21:43 | Scout Tower |
| 21:43 | Scout Tower |
| 21:44 | Scout Tower |
| 21:44 | Scout Tower |
| 21:49 | Orb of Lightning |
| 22:15 | Guard Tower |
| 22:18 | Peasant |
| 22:18 | Peasant |
| 22:20 | Guard Tower |
| 22:23 | Scout Tower |
| 22:24 | Scout Tower |
| 22:24 | Scout Tower |
| 22:24 | Scout Tower |
| 23:09 | Guard Tower |
| 23:11 | Guard Tower |
| 23:25 | Storm Bolt |
| 23:29 | Divine Shield |
| 23:33 | Guard Tower |
| 23:34 | Scout Tower |
| 23:35 | Scout Tower |
| 23:36 | Scout Tower |
| 23:36 | Scout Tower |
| 23:37 | Scout Tower |
| 23:37 | Scout Tower |
| 23:48 | Arcane Vault |
| 23:52 | Scout Tower |
| 23:53 | Scout Tower |
| 23:53 | Scout Tower |
| 23:54 | Scout Tower |
| 23:54 | Scout Tower |
| 23:54 | Scout Tower |
| 24:38 | Guard Tower |
| 25:00 | Guard Tower |
| 25:04 | Scout Tower |
| 25:05 | Scout Tower |
| 25:05 | Scout Tower |
| 25:06 | Scout Tower |
| 25:08 | Brilliance Aura |
| 26:17 | Guard Tower |
| 26:29 | Scout Tower |
| 26:30 | Scout Tower |
| 26:31 | Scout Tower |
| 26:32 | Scout Tower |
| 26:35 | Scout Tower |
| 26:35 | Scout Tower |
| 26:36 | Scout Tower |
| 26:37 | Scout Tower |
| 26:38 | Scout Tower |
| 27:35 | Guard Tower |
| 28:00 | Bash |
| 28:51 | Holy Light |
| 28:52 | Holy Light |
| 28:56 | Guard Tower |
| 28:58 | Scout Tower |
| 28:58 | Scout Tower |
| 28:59 | Scout Tower |
| 29:00 | Scout Tower |
| 29:02 | Scout Tower |
| 29:03 | Scout Tower |
| 29:55 | Blizzard |
| 29:57 | Guard Tower |
| 30:04 | Scout Tower |
| 30:05 | Scout Tower |
| 30:07 | Scout Tower |
| 30:07 | Scout Tower |
| 30:08 | Scout Tower |
| 30:10 | Scout Tower |
| 30:52 | Guard Tower |
| 30:55 | Scout Tower |
| 30:55 | Scout Tower |
| 30:56 | Scout Tower |
| 30:56 | Scout Tower |
| 30:57 | Scout Tower |
| 30:57 | Scout Tower |
| 32:03 | Blizzard |
| 32:28 | Guard Tower |
| 32:29 | Scout Tower |
| 32:30 | Scout Tower |
| 32:30 | Scout Tower |
| 32:31 | Scout Tower |
| 32:31 | Scout Tower |
| 32:32 | Scout Tower |
| 32:34 | Scout Tower |
| 32:34 | Scout Tower |
| 32:35 | Scout Tower |
| 33:00 | Scout Tower |
| 33:01 | Scout Tower |
| 33:01 | Scout Tower |
| 33:02 | Scout Tower |
| 33:02 | Scout Tower |
| 33:03 | Scout Tower |
| 33:52 | Guard Tower |
| 33:55 | Scout Tower |
| 33:56 | Scout Tower |
| 33:57 | Scout Tower |
| 33:57 | Scout Tower |
| 35:17 | Devotion Aura |
| 35:35 | Scout Tower |
| 35:36 | Scout Tower |
| 35:37 | Scout Tower |
| 35:37 | Scout Tower |
| 35:39 | Scout Tower |
| 36:16 | Guard Tower |
| 36:38 | Scout Tower |
| 36:38 | Scout Tower |
| 36:39 | Scout Tower |
| 36:40 | Scout Tower |
| 36:41 | Scout Tower |
| 36:47 | Scout Tower |
| 36:48 | Scout Tower |
| 36:49 | Scout Tower |
| 36:59 | Talisman of Evasion |
| 37:22 | Guard Tower |
| 37:48 | Brilliance Aura |
| 38:52 | Scout Tower |
| 38:53 | Scout Tower |
| 38:54 | Scout Tower |
| 38:54 | Scout Tower |
| 38:55 | Scout Tower |
| 38:56 | Scout Tower |
| 38:56 | Scout Tower |
| 38:56 | Scout Tower |
| 38:57 | Scout Tower |
| 38:57 | Scout Tower |
| 38:57 | Scout Tower |
| 38:59 | Scout Tower |
| 38:59 | Scout Tower |
| 39:00 | Scout Tower |
| Right click | 2706 |
| Select group | 2279 |
| Select | 394 |
| Build/train/purchase | 207 |
| Use ability | 173 |
| Misc. action | 77 |
| Chat | 68 |
| Item give/drop | 12 |
| Assign group | 11 |
| Esc | 9 |
| Minimap ping | 6 |
iggythefisk
(39:00) : 


x1)
| Scroll of Regeneration | 2 | 200 |
| Staff of Sanctuary | 3 | 750 |
| Scroll of Town Portal | 1 | 350 |
| Boots of Speed | 3 | 750 |
| Staff of Teleportation | 3 | 450 |
| Circlet of Nobility | 1 | 175 |
| Tome of Retraining | 1 | 300 |
| Healing Salve | 2 | 200 |
| Orb of Lightning | 3 | 1125 |
| Ancient Janggo of Endurance | 1 | 500 |
| total: | 20 | 4800g |
| Peasant | 19 | 1425 | / | 0 |
| Dragonhawk Rider | 6 | 1200 | / | 180 |
| Priest | 2 | 270 | / | 20 |
| total: | 27 | 2895g | / | 200w |
| Scout Tower | 58 | 1740 | / | 1160 |
| Arcane Tower | 6 | 420 | / | 300 |
| Guard Tower | 28 | 1960 | / | 1400 |
| Altar of Kings | 1 | 180 | / | 50 |
| Farm | 6 | 480 | / | 120 |
| Lumber Mill | 1 | 120 | / | 0 |
| Arcane Vault | 2 | 260 | / | 60 |
| Town Hall | 3 | 1155 | / | 615 |
| Blacksmith | 1 | 140 | / | 60 |
| Barracks | 2 | 320 | / | 120 |
| Gryphon Aviary | 1 | 140 | / | 150 |
| Arcane Sanctum | 1 | 150 | / | 140 |
| Keep | 1 | 320 | / | 210 |
| Castle | 1 | 360 | / | 210 |
| total: | 76 | 4685g | / | 2475w |
| 0:09 | Altar of Kings |
| 0:11 | Peasant |
| 0:16 | Peasant |
| 0:26 | Farm |
| 0:32 | Peasant |
| 0:59 | Lumber Mill |
| 1:03 | Peasant |
| 1:09 | Farm |
| 1:13 | Peasant |
| 1:25 | Scout Tower |
| 1:36 | Peasant |
| 1:39 | Peasant |
| 1:48 | Peasant |
| 1:54 | Arcane Tower |
| 1:57 | Scout Tower |
| 2:06 | Arcane Vault |
| 2:11 | Summon Water Elemental |
| 2:18 | Peasant |
| 2:24 | Guard Tower |
| 2:30 | Scout Tower |
| 2:41 | Peasant |
| 2:41 | Peasant |
| 2:43 | Peasant |
| 2:45 | Improved Masonry |
| 3:02 | Scout Tower |
| 3:03 | Guard Tower |
| 3:20 | Peasant |
| 3:32 | Scout Tower |
| 3:33 | Guard Tower |
| 3:51 | Keep |
| 3:56 | Scout Tower |
| 4:03 | Arcane Tower |
| 4:29 | Brilliance Aura |
| 4:34 | Scout Tower |
| 4:38 | Guard Tower |
| 4:40 | Scout Tower |
| 5:36 | Town Hall |
| 5:51 | Guard Tower |
| 5:52 | Guard Tower |
| 5:54 | Scout Tower |
| 5:57 | Scout Tower |
| 6:01 | Farm |
| 6:13 | Advanced Masonry |
| 6:13 | Improved Lumber Harvesting |
| 6:17 | Gryphon Aviary |
| 6:20 | Peasant |
| 6:20 | Peasant |
| 6:42 | Scout Tower |
| 6:59 | Peasant |
| 7:01 | Peasant |
| 7:06 | Peasant |
| 7:06 | Peasant |
| 7:21 | Scout Tower |
| 7:23 | Guard Tower |
| 7:39 | Boots of Speed |
| 7:39 | Staff of Teleportation |
| 7:48 | Arcane Sanctum |
| 8:14 | Scout Tower |
| 8:25 | Scout Tower |
| 8:26 | Guard Tower |
| 8:27 | Scout Tower |
| 8:32 | Scout Tower |
| 8:40 | Scroll of Regeneration |
| 8:44 | Scroll of Town Portal |
| 8:47 | Guard Tower |
| 8:50 | Scout Tower |
| 9:19 | Castle |
| 9:20 | Dragonhawk Rider |
| 9:22 | Arcane Tower |
| 9:27 | Magic Sentry |
| 9:28 | Summon Water Elemental |
| 9:37 | Storm Bolt |
| 9:39 | Guard Tower |
| 9:52 | Scout Tower |
| 9:54 | Scout Tower |
| 9:56 | Dragonhawk Rider |
| 10:25 | Blacksmith |
| 10:28 | Barracks |
| 10:55 | Farm |
| 10:59 | Guard Tower |
| 11:18 | Arcane Tower |
| 11:20 | Scout Tower |
| 11:25 | Bash |
| 12:08 | Imbued Masonry |
| 12:08 | Advanced Lumber Harvesting |
| 12:09 | Iron Forged Swords |
| 12:10 | Studded Leather Armor |
| 12:14 | Barracks |
| 12:19 | Scout Tower |
| 12:21 | Scout Tower |
| 12:21 | Scout Tower |
| 12:22 | Scout Tower |
| 12:38 | Guard Tower |
| 12:41 | Scout Tower |
| 12:42 | Scout Tower |
| 12:43 | Scout Tower |
| 12:43 | Scout Tower |
| 12:47 | Scout Tower |
| 12:49 | Scout Tower |
| 12:49 | Scout Tower |
| 12:50 | Scout Tower |
| 12:50 | Scout Tower |
| 12:52 | Scout Tower |
| 13:02 | Dragonhawk Rider |
| 13:06 | Guard Tower |
| 13:15 | Guard Tower |
| 13:21 | Boots of Speed |
| 13:22 | Staff of Teleportation |
| 13:22 | Circlet of Nobility |
| 13:42 | Guard Tower |
| 13:44 | Guard Tower |
| 13:48 | Steel Forged Swords |
| 13:55 | Scroll of Regeneration |
| 13:59 | Holy Light |
| 14:02 | Staff of Sanctuary |
| 14:09 | Animal War Training |
| 14:14 | Guard Tower |
| 14:44 | Guard Tower |
| 14:46 | Scout Tower |
| 14:48 | Scout Tower |
| 14:48 | Scout Tower |
| 14:48 | Scout Tower |
| 15:40 | Boots of Speed |
| 15:40 | Staff of Teleportation |
| 15:48 | Guard Tower |
| 15:52 | Scout Tower |
| 15:53 | Scout Tower |
| 16:14 | Scout Tower |
| 16:16 | Scout Tower |
| 16:17 | Scout Tower |
| 16:17 | Scout Tower |
| 16:19 | Mithril Forged Swords |
| 16:19 | Reinforced Leather Armor |
| 16:22 | Scout Tower |
| 16:23 | Scout Tower |
| 16:26 | Scout Tower |
| 16:28 | Scout Tower |
| 16:35 | Guard Tower |
| 16:36 | Guard Tower |
| 16:37 | Guard Tower |
| 16:49 | Guard Tower |
| 17:01 | Arcane Tower |
| 17:06 | Tome of Retraining |
| 17:06 | Retrain Hero |
| 17:21 | Blizzard |
| 17:22 | Brilliance Aura |
| 17:57 | Town Hall |
| 18:16 | Farm |
| 18:18 | Guard Tower |
| 19:01 | Scout Tower |
| 19:03 | Scout Tower |
| 19:29 | Arcane Tower |
| 19:52 | Guard Tower |
| 20:09 | Guard Tower |
| 20:11 | Scout Tower |
| 20:13 | Scout Tower |
| 20:14 | Scout Tower |
| 20:15 | Scout Tower |
| 20:26 | Dragonhawk Rider |
| 20:27 | Dragonhide Armor |
| 20:46 | Staff of Sanctuary |
| 21:04 | Brilliance Aura |
| 21:31 | Guard Tower |
| 21:34 | Scout Tower |
| 21:36 | Scout Tower |
| 21:37 | Scout Tower |
| 21:37 | Scout Tower |
| 21:51 | Healing Salve |
| 22:01 | Arcane Vault |
| 22:35 | Ancient Janggo of Endurance |
| 23:25 | Guard Tower |
| 24:08 | Orb of Lightning |
| 24:22 | Staff of Sanctuary |
| 24:33 | Farm |
| 26:04 | Priest |
| 26:05 | Priest Adept Training |
| 26:10 | Healing Salve |
| 27:30 | Storm Bolt |
| 27:45 | Dragonhawk Rider |
| 27:47 | Priest Master Training |
| 27:48 | Priest |
| 27:53 | Divine Shield |
| 28:02 | Orb of Lightning |
| 30:09 | Town Hall |
| 31:57 | Holy Light |
| 32:29 | Blizzard |
| 32:31 | Bash |
| 32:51 | Dragonhawk Rider |
| 33:12 | Orb of Lightning |
| 35:13 | Divine Shield |
| 36:42 | Storm Bolt |
| 37:07 | Mass Teleport |
| Right click | 2250 |
| Select group | 1075 |
| Select | 692 |
| Build/train/purchase | 205 |
| Use ability | 164 |
| Chat | 144 |
| Assign group | 113 |
| Misc. action | 42 |
| Item give/drop | 9 |
| Resource trade | 5 |
| Minimap ping | 1 |
220 units @ 37.1k
/ 6.3k
87 buildings @ 11.2k
/ 4.4k

| Rod of Necromancy | 1 | 150 |
| Sacrificial Skull | 1 | 50 |
| Potion of Healing | 2 | 300 |
| Potion of Mana | 2 | 400 |
| total: | 6 | 900g |
| Acolyte | 7 | 525 | / | 0 |
| Ghoul | 6 | 720 | / | 0 |
| Crypt Fiend | 24 | 5160 | / | 960 |
| Obsidian Statue | 6 | 1200 | / | 210 |
| Abomination | 10 | 2400 | / | 700 |
| Gargoyle | 1 | 175 | / | 30 |
| Meat Wagon | 14 | 3220 | / | 700 |
| total: | 68 | 13400g | / | 2600w |
| Spirit Tower | 3 | 435 | / | 120 |
| Crypt | 1 | 200 | / | 50 |
| Ziggurat | 10 | 1500 | / | 500 |
| Altar of Darkness | 1 | 180 | / | 50 |
| Graveyard | 1 | 215 | / | 0 |
| Tomb of Relics | 1 | 130 | / | 30 |
| Slaughterhouse | 2 | 280 | / | 270 |
| Halls of the Dead | 1 | 320 | / | 210 |
| Black Citadel | 1 | 325 | / | 230 |
| total: | 16 | 2505g | / | 900w |
| 0:06 | Crypt |
| 0:13 | Ziggurat |
| 0:17 | Acolyte |
| 0:17 | Acolyte |
| 0:36 | Altar of Darkness |
| 1:00 | Ziggurat |
| 1:11 | Ghoul |
| 1:30 | Ghoul |
| 1:34 | Ghoul |
| 1:52 | Ziggurat |
| 2:00 | Ghoul |
| 2:14 | Graveyard |
| 2:24 | Ghoul |
| 2:45 | Tomb of Relics |
| 2:51 | Ghoul |
| 3:10 | Sleep |
| 3:47 | Unholy Strength |
| 3:53 | Halls of the Dead |
| 3:59 | Rod of Necromancy |
| 4:44 | Carrion Swarm |
| 5:05 | Creature Attack |
| 5:13 | Ziggurat |
| 5:20 | Crypt Fiend |
| 5:20 | Crypt Fiend |
| 5:23 | Creature Carapace |
| 6:04 | Crypt Fiend |
| 6:16 | Improved Creature Attack |
| 6:57 | Carrion Swarm |
| 7:59 | Crypt Fiend |
| 7:59 | Crypt Fiend |
| 7:59 | Crypt Fiend |
| 8:07 | Slaughterhouse |
| 8:34 | Sacrificial Skull |
| 9:08 | Ziggurat |
| 9:11 | Ziggurat |
| 9:27 | Improved Creature Carapace |
| 9:37 | Black Citadel |
| 10:03 | Obsidian Statue |
| 10:04 | Obsidian Statue |
| 10:08 | Crypt Fiend |
| 10:49 | Burrow |
| 10:57 | Vampiric Aura |
| 11:35 | Spirit Tower |
| 11:51 | Web |
| 11:58 | Acolyte |
| 11:59 | Acolyte |
| 11:59 | Acolyte |
| 12:03 | Acolyte |
| 12:28 | Acolyte |
| 12:55 | Disease Cloud |
| 12:56 | Abomination |
| 13:12 | Ziggurat |
| 13:29 | Unholy Armor |
| 13:58 | Abomination |
| 14:30 | Abomination |
| 14:51 | Improved Unholy Strength |
| 14:51 | Advanced Creature Attack |
| 14:51 | Advanced Creature Carapace |
| 15:37 | Improved Unholy Armor |
| 16:47 | Gargoyle |
| 16:50 | Advanced Unholy Strength |
| 17:28 | Spirit Tower |
| 18:51 | Crypt Fiend |
| 18:51 | Crypt Fiend |
| 18:51 | Crypt Fiend |
| 18:51 | Crypt Fiend |
| 18:52 | Crypt Fiend |
| 18:52 | Crypt Fiend |
| 18:52 | Crypt Fiend |
| 18:54 | Obsidian Statue |
| 18:54 | Obsidian Statue |
| 18:55 | Abomination |
| 18:57 | Abomination |
| 18:57 | Abomination |
| 19:06 | Exhume Corpses |
| 19:07 | Meat Wagon |
| 19:08 | Meat Wagon |
| 19:08 | Meat Wagon |
| 20:24 | Ziggurat |
| 20:25 | Ziggurat |
| 20:31 | Meat Wagon |
| 20:31 | Meat Wagon |
| 20:36 | Ziggurat |
| 22:12 | Spirit Tower |
| 22:36 | Meat Wagon |
| 24:56 | Potion of Healing |
| 24:58 | Potion of Healing |
| 25:10 | Meat Wagon |
| 28:55 | Carrion Swarm |
| 29:40 | Meat Wagon |
| 29:40 | Meat Wagon |
| 29:40 | Meat Wagon |
| 29:40 | Meat Wagon |
| 29:40 | Meat Wagon |
| 29:40 | Meat Wagon |
| 29:41 | Meat Wagon |
| 31:12 | Advanced Unholy Armor |
| 31:21 | Slaughterhouse |
| 32:18 | Abomination |
| 32:19 | Abomination |
| 32:20 | Crypt Fiend |
| 32:20 | Crypt Fiend |
| 32:20 | Crypt Fiend |
| 32:20 | Crypt Fiend |
| 32:21 | Crypt Fiend |
| 32:21 | Crypt Fiend |
| 32:21 | Crypt Fiend |
| 32:21 | Crypt Fiend |
| 32:56 | Obsidian Statue |
| 32:56 | Obsidian Statue |
| 32:59 | Abomination |
| 33:00 | Abomination |
| 34:09 | Potion of Mana |
| 34:12 | Potion of Mana |
| 34:35 | Destroyer Form |
| 35:34 | Inferno |
| 35:48 | Vampiric Aura |
| 36:46 | Crypt Fiend |
| 36:46 | Crypt Fiend |
| Right click | 1464 |
| Select | 488 |
| Build/train/purchase | 125 |
| Misc. action | 35 |
| Use ability | 22 |
| Remove unit | 9 |
| Chat | 7 |
| Item give/drop | 1 |
| Minimap ping | 1 |

| Healing Salve | 1 | 100 |
| Claws of Attack +6 | 1 | 125 |
| Ancient Janggo of Endurance | 1 | 500 |
| total: | 3 | 725g |
| Peon | 18 | 1350 | / | 0 |
| Troll Headhunter | 18 | 2520 | / | 360 |
| Demolisher | 13 | 2860 | / | 650 |
| total: | 49 | 6730g | / | 1010w |
| Altar of Storms | 1 | 180 | / | 50 |
| Orc Burrow | 7 | 1120 | / | 280 |
| Barracks | 2 | 360 | / | 100 |
| War Mill | 1 | 205 | / | 0 |
| Voodoo Lounge | 1 | 130 | / | 30 |
| Great Hall | 1 | 385 | / | 185 |
| Stronghold | 1 | 315 | / | 190 |
| Fortress | 1 | 325 | / | 190 |
| total: | 13 | 2380g | / | 645w |
| 0:08 | Peon |
| 0:08 | Peon |
| 0:09 | Peon |
| 0:14 | Altar of Storms |
| 0:33 | Orc Burrow |
| 0:49 | Peon |
| 0:55 | Peon |
| 1:19 | Peon |
| 1:31 | Barracks |
| 1:47 | Orc Burrow |
| 2:05 | War Mill |
| 2:21 | Peon |
| 2:21 | Peon |
| 2:45 | Feral Spirit |
| 2:55 | Barracks |
| 3:22 | Troll Headhunter |
| 3:29 | Peon |
| 3:29 | Peon |
| 3:45 | Steel Ranged Weapons |
| 3:51 | Orc Burrow |
| 4:05 | Orc Burrow |
| 4:08 | Troll Headhunter |
| 4:10 | Stronghold |
| 4:51 | Troll Headhunter |
| 4:51 | Troll Headhunter |
| 5:13 | Steel Armor |
| 5:31 | Far Sight |
| 5:41 | Orc Burrow |
| 5:43 | Troll Headhunter |
| 5:44 | Troll Headhunter |
| 6:30 | Thorium Ranged Weapons |
| 6:37 | Voodoo Lounge |
| 7:28 | Claws of Attack +6 |
| 7:38 | Troll Regeneration |
| 7:41 | Thorium Armor |
| 8:42 | Troll Headhunter |
| 8:43 | Troll Headhunter |
| 9:18 | Demolisher |
| 9:18 | Demolisher |
| 9:42 | Feral Spirit |
| 9:44 | Healing Salve |
| 11:37 | Fortress |
| 12:33 | Far Sight |
| 13:54 | Troll Headhunter |
| 13:54 | Troll Headhunter |
| 13:56 | Troll Headhunter |
| 13:56 | Troll Headhunter |
| 14:55 | Burning Oil |
| 17:44 | Demolisher |
| 17:44 | Demolisher |
| 19:42 | Demolisher |
| 19:43 | Demolisher |
| 20:47 | Great Hall |
| 20:56 | Demolisher |
| 20:56 | Demolisher |
| 20:57 | Demolisher |
| 20:57 | Demolisher |
| 20:59 | Arcanite Ranged Weapons |
| 25:09 | Feral Spirit |
| 26:11 | Peon |
| 26:11 | Peon |
| 26:11 | Peon |
| 26:11 | Peon |
| 26:19 | Peon |
| 26:19 | Peon |
| 26:19 | Peon |
| 26:20 | Peon |
| 26:44 | Arcanite Armor |
| 29:29 | Demolisher |
| 29:30 | Demolisher |
| 29:44 | Orc Burrow |
| 29:47 | Orc Burrow |
| 31:29 | Earth Quake |
| 33:04 | Troll Headhunter |
| 33:04 | Troll Headhunter |
| 33:04 | Troll Headhunter |
| 33:04 | Troll Headhunter |
| 33:08 | Troll Headhunter |
| 33:08 | Troll Headhunter |
| 33:09 | Demolisher |
| 33:44 | Ancient Janggo of Endurance |
| Right click | 1169 |
| Select group | 678 |
| Select | 434 |
| Misc. action | 236 |
| Build/train/purchase | 81 |
| Assign group | 41 |
| Minimap ping | 37 |
| Use ability | 22 |
| Remove unit | 13 |



| Scroll of Regeneration | 6 | 600 |
| Scroll of Town Portal | 1 | 350 |
| Legion Doom-Horn | 1 | 500 |
| total: | 8 | 1450g |
| Peasant | 14 | 1050 | / | 0 |
| Footman | 3 | 405 | / | 0 |
| Rifleman | 3 | 615 | / | 90 |
| Gryphon Rider | 13 | 3640 | / | 910 |
| Knight | 7 | 1715 | / | 420 |
| Dragonhawk Rider | 1 | 200 | / | 30 |
| Mortar Team | 3 | 540 | / | 210 |
| total: | 44 | 8165g | / | 1660w |
| Altar of Kings | 1 | 180 | / | 50 |
| Farm | 13 | 1040 | / | 260 |
| Barracks | 1 | 160 | / | 60 |
| Arcane Vault | 1 | 130 | / | 30 |
| Blacksmith | 1 | 140 | / | 60 |
| Lumber Mill | 1 | 120 | / | 0 |
| Town Hall | 1 | 385 | / | 205 |
| Gryphon Aviary | 3 | 420 | / | 450 |
| Workshop | 1 | 140 | / | 140 |
| Keep | 1 | 320 | / | 210 |
| Castle | 1 | 360 | / | 210 |
| total: | 23 | 2715g | / | 1255w |
| 0:03 | Peasant |
| 0:03 | Peasant |
| 0:07 | Altar of Kings |
| 0:12 | Peasant |
| 0:17 | Farm |
| 0:18 | Farm |
| 0:36 | Barracks |
| 0:52 | Peasant |
| 1:04 | Peasant |
| 1:09 | Peasant |
| 1:17 | Peasant |
| 1:30 | Arcane Vault |
| 1:34 | Peasant |
| 1:40 | Peasant |
| 1:59 | Footman |
| 2:08 | Blacksmith |
| 2:23 | Farm |
| 2:24 | Farm |
| 2:36 | Footman |
| 2:49 | Bash |
| 2:54 | Footman |
| 3:20 | Keep |
| 3:40 | Rifleman |
| 4:03 | Rifleman |
| 4:08 | Farm |
| 4:22 | Lumber Mill |
| 4:37 | Storm Bolt |
| 4:58 | Rifleman |
| 5:00 | Farm |
| 5:13 | Scroll of Regeneration |
| 5:18 | Scroll of Regeneration |
| 5:25 | Black Gunpowder |
| 5:42 | Farm |
| 5:49 | Long Rifles |
| 6:05 | Gryphon Aviary |
| 6:06 | Gryphon Aviary |
| 6:09 | Gryphon Aviary |
| 6:51 | Castle |
| 7:19 | Storm Bolt |
| 7:22 | Pocket Factory |
| 8:39 | Iron Forged Swords |
| 8:48 | Scroll of Regeneration |
| 8:50 | Scroll of Town Portal |
| 9:09 | Studded Leather Armor |
| 9:13 | Storm Hammers |
| 9:14 | Gryphon Rider |
| 9:46 | Cloud |
| 9:50 | Gryphon Rider |
| 10:29 | Animal War Training |
| 10:32 | Sundering Blades |
| 10:36 | Gryphon Rider |
| 10:46 | Farm |
| 11:19 | Engineering Upgrade |
| 11:23 | Farm |
| 11:26 | Gryphon Rider |
| 11:37 | Steel Forged Swords |
| 12:04 | Scroll of Regeneration |
| 13:00 | Knight |
| 13:03 | Peasant |
| 13:03 | Peasant |
| 13:03 | Peasant |
| 13:26 | Pocket Factory |
| 13:51 | Knight |
| 13:55 | Reinforced Leather Armor |
| 14:22 | Farm |
| 14:43 | Bash |
| 15:30 | Legion Doom-Horn |
| 15:54 | Town Hall |
| 16:20 | Peasant |
| 16:20 | Peasant |
| 16:44 | Iron Plating |
| 17:38 | Dragonhawk Rider |
| 17:41 | Gryphon Rider |
| 17:56 | Knight |
| 18:27 | Gryphon Rider |
| 19:04 | Gryphon Rider |
| 19:10 | Mithril Forged Swords |
| 19:39 | Farm |
| 19:44 | Gryphon Rider |
| 20:13 | Farm |
| 20:51 | Knight |
| 20:53 | Gryphon Rider |
| 21:25 | Steel Plating |
| 22:11 | Healing Spray |
| 22:28 | Workshop |
| 22:37 | Farm |
| 24:17 | Engineering Upgrade |
| 24:23 | Acid Bomb |
| 24:55 | Gryphon Rider |
| 24:57 | Knight |
| 25:58 | Gryphon Rider |
| 26:00 | Knight |
| 26:10 | Fragmentation Shards |
| 26:11 | Flare |
| 26:34 | Knight |
| 26:39 | Scroll of Regeneration |
| 27:02 | Scroll of Regeneration |
| 27:10 | Storm Bolt |
| 27:42 | Dragonhide Armor |
| 28:16 | Mortar Team |
| 29:47 | Gryphon Rider |
| 31:24 | Pocket Factory |
| 31:37 | Gryphon Rider |
| 32:06 | Avatar |
| 32:59 | Mortar Team |
| 32:59 | Mortar Team |
| Right click | 1102 |
| Select group | 971 |
| Select | 436 |
| Build/train/purchase | 97 |
| Misc. action | 80 |
| Use ability | 60 |
| Assign group | 32 |
| Chat | 23 |
| Minimap ping | 5 |
| Item give/drop | 2 |
| Remove unit | 2 |


| Peasant | 12 | 900 | / | 0 |
| Footman | 5 | 675 | / | 0 |
| Rifleman | 18 | 3690 | / | 540 |
| Priest | 19 | 2565 | / | 190 |
| Siege Engine | 5 | 975 | / | 300 |
| total: | 59 | 8805g | / | 1030w |
| Scout Tower | 7 | 210 | / | 140 |
| Arcane Tower | 1 | 70 | / | 50 |
| Guard Tower | 6 | 420 | / | 300 |
| Altar of Kings | 2 | 360 | / | 100 |
| Farm | 14 | 1120 | / | 280 |
| Barracks | 2 | 320 | / | 120 |
| Blacksmith | 1 | 140 | / | 60 |
| Arcane Vault | 1 | 130 | / | 30 |
| Lumber Mill | 2 | 240 | / | 0 |
| Town Hall | 1 | 385 | / | 205 |
| Arcane Sanctum | 2 | 300 | / | 280 |
| Workshop | 3 | 420 | / | 420 |
| Keep | 1 | 320 | / | 210 |
| Castle | 1 | 360 | / | 210 |
| total: | 35 | 3625g | / | 1635w |
| 0:06 | Peasant |
| 0:10 | Altar of Kings |
| 0:15 | Peasant |
| 0:24 | Farm |
| 0:28 | Barracks |
| 0:32 | Peasant |
| 0:56 | Farm |
| 1:01 | Peasant |
| 1:01 | Peasant |
| 1:20 | Peasant |
| 1:30 | Footman |
| 1:35 | Farm |
| 1:38 | Peasant |
| 1:50 | Footman |
| 2:09 | Peasant |
| 2:21 | Summon Water Elemental |
| 2:24 | Footman |
| 2:29 | Scout Tower |
| 2:41 | Footman |
| 2:45 | Peasant |
| 3:22 | Footman |
| 4:08 | Keep |
| 4:14 | Blacksmith |
| 4:16 | Arcane Tower |
| 4:56 | Farm |
| 4:59 | Arcane Vault |
| 5:06 | Lumber Mill |
| 5:26 | Scout Tower |
| 5:35 | Black Gunpowder |
| 5:37 | Rifleman |
| 6:04 | Brilliance Aura |
| 6:22 | Guard Tower |
| 6:28 | Farm |
| 6:32 | Farm |
| 7:10 | Rifleman |
| 7:16 | Arcane Sanctum |
| 7:39 | Storm Bolt |
| 7:43 | Summon Water Elemental |
| 7:57 | Rifleman |
| 8:33 | Rifleman |
| 8:35 | Priest Adept Training |
| 8:45 | Arcane Sanctum |
| 8:48 | Refined Gunpowder |
| 8:50 | Long Rifles |
| 8:51 | Rifleman |
| 9:56 | Farm |
| 10:00 | Farm |
| 10:05 | Farm |
| 10:12 | Priest |
| 10:18 | Bash |
| 11:04 | Priest |
| 11:05 | Priest |
| 11:07 | Priest |
| 11:08 | Priest |
| 11:32 | Scout Tower |
| 12:04 | Priest |
| 12:04 | Priest |
| 12:05 | Priest |
| 12:05 | Priest |
| 12:07 | Rifleman |
| 12:08 | Rifleman |
| 12:10 | Guard Tower |
| 13:05 | Peasant |
| 13:05 | Peasant |
| 13:06 | Peasant |
| 13:31 | Town Hall |
| 15:05 | Farm |
| 15:08 | Farm |
| 15:58 | Priest |
| 15:58 | Priest |
| 16:00 | Priest |
| 16:00 | Priest |
| 16:27 | Castle |
| 16:30 | Studded Leather Armor |
| 18:04 | Brilliance Aura |
| 18:12 | Storm Bolt |
| 18:12 | Storm Bolt |
| 20:04 | Rifleman |
| 20:05 | Rifleman |
| 20:05 | Rifleman |
| 20:05 | Rifleman |
| 20:06 | Priest |
| 20:07 | Priest |
| 20:07 | Priest |
| 20:07 | Priest |
| 20:07 | Priest |
| 20:08 | Priest |
| 20:10 | Rifleman |
| 20:10 | Rifleman |
| 20:10 | Rifleman |
| 25:56 | Rifleman |
| 25:56 | Rifleman |
| 25:56 | Rifleman |
| 25:56 | Rifleman |
| 27:44 | Workshop |
| 27:48 | Workshop |
| 27:52 | Workshop |
| 29:39 | Siege Engine |
| 29:40 | Siege Engine |
| 29:54 | Barrage |
| 29:56 | Siege Engine |
| 29:58 | Siege Engine |
| 30:00 | Siege Engine |
| 33:15 | Farm |
| 33:19 | Farm |
| 33:23 | Farm |
| 33:28 | Lumber Mill |
| 33:38 | Barracks |
| 34:39 | Scout Tower |
| 34:42 | Scout Tower |
| 34:48 | Scout Tower |
| 34:52 | Scout Tower |
| 35:46 | Guard Tower |
| 35:47 | Guard Tower |
| 35:49 | Guard Tower |
| 35:50 | Guard Tower |
| 35:58 | Altar of Kings |
| Right click | 1689 |
| Select group | 745 |
| Select | 548 |
| Build/train/purchase | 118 |
| Misc. action | 83 |
| Assign group | 72 |
| Use ability | 33 |
| Esc | 2 |
| Minimap ping | 2 |